 Dungeon Crawl Stone Soup version 0.28-a0-1347-g113dc556a4 (webtiles) character file.

Game seed: 14835632408747833802

11 frimble the Grasshopper (level 2, 0/22 HPs)
             Began as a Demonspawn Warper on Dec 30, 2021.
             Killed by divine providence
             ... invoked by an orc priest
              (10 damage)
             ... on level 2 of the Dungeon.
             The game lasted 00:00:23 (805 turns).

frimble the Grasshopper (Demonspawn Warper)          Turns: 805, Time: 00:00:24

Health: 0/22       AC:  3    Str: 11    XL:     2   Next: 17%
Magic:  5/5        EV: 11    Int: 14    God:
Gold:   49         SH:  0    Dex: 12    Spells: 5/5 levels left

rFire   . . .      SeeInvis .   a - +0 falchion
rCold   . . .      Faith    .   (no shield)
rNeg    . . .      Spirit   .   b - +0 leather armour
rPois   .          Reflect  .   (no helmet)
rElec   .          Harm     .   (no cloak)
rCorr   .          Rampage  .   (no gloves)
Will    .....                   (no boots)
Stlth   +.........              (no amulet)
HPRegen 0.07/turn               g - ring of wizardry
MPRegen 0.09/turn               (no ring)

@: no status effects
A: powered by pain 1
a: no special abilities


You were on level 2 of the Dungeon.
You visited 1 branch of the dungeon, and saw 2 of its levels.

You collected 49 gold pieces.

Inventory:

Hand Weapons
 a - a +0 falchion (weapon)
Missiles
 d - 5 boomerangs of dispersal (quivered)
Armour
 b - a +0 leather armour (worn)
Jewellery
 g - a ring of wizardry (left hand)
Scrolls
 c - a scroll of blinking
 e - a scroll of identify {unknown}
 h - a scroll of teleportation {unknown}
Potions
 f - a potion of might {unknown}
 i - a potion of flight {unknown}


   Skills:
 - Level 2.0 Fighting
 + Level 2.2 Long Blades
 - Level 0.8 Throwing
 - Level 0.8 Armour
 + Level 2.2 Dodging
 - Level 2.0 Spellcasting
 - Level 2.6 Translocations


You had 5 spell levels left.
You didn't know any spells.
Your spell library contained the following spells:

 Spells                   Type           Power      Damage    Failure   Level
 Blink                    Tloc           16%        N/A       6%          2
 Gell's Gravitas          Tloc           8%         N/A       12%         3
 Lesser Beckoning         Tloc           8%         N/A       12%         3
 Teleport Other           Tloc           8%         N/A       12%         3
 Manifold Assault         Tloc           8%         N/A       71%         5


Dungeon Overview and Level Annotations

Branches:
Dungeon (2/15)

Altars:


Innate Abilities, Weirdness & Mutations

You sometimes gain a little power by taking damage.


Message History

Found a stone staircase leading up.
An endoplasm comes into view.
An endoplasm is nearby!
An endoplasm is nearby!
An endoplasm is nearby!
A frilled lizard comes into view.
The endoplasm hits you but does no damage.
You slash the endoplasm!
You kill the endoplasm!
The frilled lizard hisses angrily.
The frilled lizard bites you.
You closely miss the frilled lizard.
The frilled lizard bites you but does no damage.
You miss the frilled lizard.
The frilled lizard bites you but does no damage.
You barely miss the frilled lizard. The frilled lizard closely misses you.
You barely miss the frilled lizard. The frilled lizard closely misses you.
You barely miss the frilled lizard.
The frilled lizard bites you but does no damage.
You hit the frilled lizard.
The frilled lizard is heavily wounded.
The frilled lizard bites you but does no damage.
The frilled lizard barely misses you.
You hit the frilled lizard.
You kill the frilled lizard!
No target in view!
No target in view!
No target in view!
No target in view!
HP restored. 2 orc priests come into view.
Found a stone staircase leading down.
The orc priest shouts! x2
The orc priest mumbles some strange prayers to Beogh against you.
Beogh smites you!
Ouch! That really hurt!
An orc comes into view. It is wielding a +0 dagger.
The orc priest calls down the wrath of Beogh upon you.
Beogh smites you!
You die...

#o #.. . oo
... .. #.
#.# ... #.
#.#
...##.###.#
.....##.#
#..##.#
#.@...#
##.##.#
#.##.#
#.##.#
#.##.####
#.##....#
#.##.##.#
#.##.##.# #
#.##.#


You could see 2 orc priests and an orc (wandering).

Vanquished Creatures
  An endoplasm (D:2)
  A giant cockroach (D:1)
  2 goblins (D:1)
  A kobold (D:1)
  A quokka (D:1)
  A ball python (D:1)
  2 bats (D:1)
  A frilled lizard (D:2)
10 creatures vanquished.

Notes
Turn   | Place    | Note
-------+----------+-------------------------------------------
     0 | D:1      | frimble the Demonspawn Warper began the quest for the Orb.
     0 | D:1      | Reached XP level 1. HP: 16/16 MP: 3/3
   486 | D:1      | Gained mutation: You sometimes gain a little power by
                  | taking damage. [demonic ancestry]
   486 | D:1      | Reached XP level 2. HP: 21/22 MP: 5/5
   805 | D:2      | Killed from afar by an orc priest

Illustrated notes

Levels and vault maps discovered:
D:1:      dpeg_arrival_round_c, layout_rooms, fountainhead
D:2:      layout_loops_ring, uniq_jessica

Skill      XL: |  1 |
---------------+----+-----
Long Blades    | 2 |  2.2
Dodging        | 2 |  2.2
Fighting       | |  2.0
Throwing       | |  0.8
Armour         | |  0.8
Spellcasting   | |  2.0
Translocations | |  2.6

Action                   || total
-------------------------++-------
Melee: Falchion          ||    33
Armor: Leather armour    ||    14
Dodge: Dodged            ||    20

Table legend: (Time is in decaauts)
 A = Elapsed time spent in this place.
 B = Non-inter-level travel time spent in this place.
 C = Inter-level travel time spent in this place.
 D = Time resting spent in this place.
 E = Time spent auto-exploring this place.
 F = Levels seen in this place.
 G = Mean time per level.
                   A        B        C        D        E       F      G
               +--------+--------+--------+--------+--------+-----+--------+
         Total |    812 |    780 |     32 |      0 |    699 |   2 |  406.0 |
       Dungeon |    812 |    780 |     32 |      0 |    699 |   2 |  406.0 |
               +--------+--------+--------+--------+--------+-----+--------+

Top non-repeatable levels by time:
     D:1: 756 daAuts
     D:2: 56 daAuts
